 Dungeon Crawl Stone Soup version 0.28.0-43-g3370ac3207 (webtiles) character file.

Game seed: 2447928871844145902

216589 pkoi the Wrestler (level 18, -4/145 HPs)
             Began as a Grey Draconian Monk on Mar 2, 2022.
             Was a High Priest of Okawaru.
             Slain by a spriggan defender
             ... wielding a +0 vorpal flail
             ... led by the Enchantress
              (6 damage)
             ... on level 1 of the Depths.
             The game lasted 02:26:55 (65377 turns).

pkoi the Wrestler (Grey Draconian Monk)            Turns: 65377, Time: 02:26:56

Health: -4/145     AC: 23    Str: 16    XL:     18   Next: 74%
Magic:  8/30       EV: 34    Int: 16    God:    Okawaru [*****.]
Gold:   1787       SH:  5    Dex: 22    Spells: 8/33 levels left

rFire   + . .      SeeInvis .     - Unarmed
rCold   + . .      Faith    .   (no shield)
rNeg    . . .      Spirit   .   (armour unavailable)
rPois   .          Reflect  +   z - +0 hat "Fisugaw" {+Blink rC+ Dex+6}
rElec   +          Harm     .   U - +1 cloak {Stlth+}
rCorr   .          Rampage  .   I - +2 pair of gloves of the Sea {rElec rF+ Stlth+}
Will    .....      NoTele   +   l - +2 pair of boots {Fly}
Stlth   ++++++++..              E - amulet of reflection
HPRegen 0.34/turn               c - +4 ring of evasion
MPRegen 0.22/turn               h - +4 ring of evasion

@: weak-willed, heroic, finesse-ful, untranslocatable, flying, slowed, studying
2 skills, very slow
A: AC +15, amphibious, unfitting armour, cold-blooded, agile 1, subdued magic 1
a: Renounce Religion, Evoke Blink, Heroism, Finesse, Duel


You were on level 1 of the Depths.
You worshipped Okawaru.
Okawaru was extremely pleased with you.
You visited 8 branches of the dungeon, and saw 35 of its levels.
You visited the Abyss 1 time.
You visited 1 bazaar.

You collected 4402 gold pieces.
You spent 2615 gold pieces at shops.

Inventory:

Missiles
 a - 56 poisoned darts (quivered)
 x - 12 atropa-tipped darts
 y - a throwing net
 X - 2 curare-tipped darts
Armour
 l - a +2 pair of boots of flying (worn)
 m - the +5 kite shield "Imuumm" {Rampage Will+ Int+5}
   (Okawaru gifted it to you on level 2 of the Elven Halls)

   Int:       It affects your intelligence (+5).
   Rampage:   It bestows one free step when moving towards enemies.
   Will:      It increases your willpower.
 z - the +0 hat "Fisugaw" (worn) {+Blink rC+ Dex+6}
   (You acquired it on level 11 of the Dungeon)

   Dex:       It affects your dexterity (+6).
   rC:        It protects you from cold.
   +Blink:    It lets you blink.
 I - the +2 pair of gloves of the Sea (worn) {rElec rF+ Stlth+}
   (You found it on level 4 of the Lair of Beasts)

   rF:        It protects you from fire.
   rElec:     It insulates you from electricity.
   Stlth:     It makes you more stealthy.
 U - a +1 cloak of stealth (worn)
Jewellery
 c - a +4 ring of evasion (left hand)
 h - a +4 ring of evasion (right hand)
 q - an amulet of the acrobat
 t - a ring of resist corrosion
 E - an amulet of reflection (around neck)
 T - a ring of ice
 V - a ring of fire
Wands
 b - a wand of mindburst (16)
 g - a wand of acid (23)
 k - a wand of flame (48)
 p - a wand of iceblast (22)
 v - a wand of digging (6)
 J - a wand of polymorph (2)
Scrolls
 d - 3 scrolls of magic mapping
 e - 6 scrolls of teleportation
 i - 2 scrolls of silence
 j - 5 scrolls of enchant weapon
 o - 4 scrolls of blinking
 r - 5 scrolls of enchant armour
 F - 5 scrolls of fear
 G - 2 scrolls of fog
 O - 4 scrolls of amnesia
 P - 2 scrolls of brand weapon
 R - 10 scrolls of identify
Potions
 f - 7 potions of heal wounds
 n - a potion of cancellation
 s - a potion of invisibility
 w - 6 potions of haste
 A - 4 potions of flight
 B - a potion of magic
 C - 6 potions of curing
 D - 2 potions of ambrosia
 K - 3 potions of might
 L - 4 potions of berserk rage
 M - 3 potions of brilliance
 W - 3 potions of resistance
Miscellaneous
 N - a condenser vane


   Skills:
 - Level 9.0(14.0) Fighting
 - Level 12.0(17.0) Dodging
 - Level 9.0(14.0) Stealth
 - Level 22.0(27) Unarmed Combat
 + Level 8.3 Spellcasting
 - Level 4.5 Translocations
 + Level 7.7 Transmutations
 - Level 3.0 Fire Magic
 - Level 6.0 Air Magic
 + Level 15.1 Earth Magic
 - Level 4.5 Poison Magic
 - Level 9.0 Invocations
 - Level 9.0 Evocations


You had 8 spell levels left.
You knew the following spells:

 Your Spells              Type           Power      Damage    Failure   Level
a - Apportation           Tloc           32%        N/A       1%          1
b - Poisonous Vapours     Pois/Air       36%        N/A       1%          2
c - Blink                 Tloc           32%        N/A       1%          2
d - Ignite Poison         Fire/Tmut/Pois 17%        N/A       3%          3
e - Olgreb's Toxic Radia  Pois           16%        N/A       14%         4
f - Airstrike             Air            9%         N/A       7%          4
g - Petrify               Tmut/Erth      33%        N/A       1%          4
h - Lee's Rapid Deconstr  Erth           21%        3d13*     1%          5

Your spell library contained the following spells:

 Spells                   Type           Power      Damage    Failure   Level
 Sting                    Tmut/Pois      80%        1d7       1%          1
 Wereblood                Tmut           24%        N/A       1%          2
 Stone Arrow              Conj/Erth      46%        3d9       1%          3
 Swiftness                Air            19%        N/A       1%          3
 Shock                    Conj/Air       48%        1d6       2%          1
 Corpse Rot               Necr/Air       24%        N/A       3%          2
 Scorch                   Fire           24%        2d6       3%          2
 Foxfire                  Conj/Fire      32%        2x1d5     4%          1
 Mephitic Cloud           Conj/Pois/Air  13%        N/A       6%          3
 Magic Dart               Conj           20%        1d4       9%          1
 Pain                     Necr           20%        1d5       9%          1
 Borgnjor's Vile Clutch   Necr/Erth      11%        N/A       11%         5
 Searing Ray              Conj           10%        2d4       13%         2
 Sublimation of Blood     Necr           5%         N/A       13%         2
 Statue Form              Tmut/Erth      22%        N/A       13%         6
 Conjure Flame            Conj/Fire      8%         6-21      14%         3
 Inner Flame              Hex/Fire       8%         N/A       14%         3
 Passage of Golubria      Tloc           16%        N/A       14%         4
 Ice Form                 Ice/Tmut       14%        N/A       19%         4
 Alistair's Intoxication  Tmut/Pois      13%        N/A       21%         5
 Dazzling Flash           Conj/Hex       10%        N/A       28%         3
 Frozen Ramparts          Ice            10%        1d3       28%         3
 Vampiric Draining        Necr           5%         2d6       28%         3
 Iskenderun's Mystic Bla  Conj/Tloc      10%        2d4       34%         4
 Manifold Assault         Tloc           16%        N/A       38%         5
 Flame Wave               Conj/Fire      8%         2d5       45%         4
 Yara's Violent Unravell  Hex/Tmut       7%         3d5       47%         5
 Lightning Bolt           Conj/Air       6%         1d18      61%         5
 Anguish                  Hex/Necr       2%         N/A       67%         4
 Dispel Undead            Necr           5%         3d7       67%         4
 Fulminant Prism          Conj/Hex       2%         3d6       67%         4
 Hailstorm                Conj/Ice       5%         3d4       67%         4
 Freezing Cloud           Conj/Ice/Air   5%         6-21      75%         5
 Metabolic Englaciation   Hex/Ice        2%         N/A       95%         5
 Storm Form               Tmut/Air       11%        N/A       99%         7
 Starburst                Conj/Fire      4%         6d3       100%        6
 Enfeeble                 Hex            2%         N/A       100%        7
 Orb of Destruction       Conj           2%         9d5       100%        7
 Lehudib's Crystal Spear  Conj/Erth      11%        10d4      100%        8
 Animate Armour           Summ/Erth      Unusable   N/A       N/A         4
 Animate Skeleton         Necr           Unusable   N/A       N/A         1
 Call Imp                 Summ           Unusable   N/A       N/A         2
 Summon Guardian Golem    Hex/Summ       Unusable   N/A       N/A         3
 Tukima's Dance           Hex            Unusable   N/A       N/A         3
 Animate Dead             Necr           Unusable   N/A       N/A         4
 Summon Ice Beast         Ice/Summ       Unusable   N/A       N/A         4
 Death Channel            Necr           Unusable   N/A       N/A         6
 Summon Cactus Giant      Summ           Unusable   N/A       N/A         6
 Spellforged Servitor     Conj/Summ      Unusable   N/A       N/A         7
 Summon Hydra             Summ           Unusable   N/A       N/A         7

Dungeon Overview and Level Annotations

Branches:
Dungeon (15/15)            Temple (1/1) D:5            Lair (6/6) D:11
  Swamp (3/4) Lair:4        Snake (3/4) Lair:4        Slime (0/5) Lair:6
    Orc (2/2) D:11            Elf (3/3) Orc:2        Vaults (0/5) D:13
 Depths (2/4) D:15

Altars:
Ashenzari
Cheibriados
Dithmenos
Elyvilon
Fedhas
Gozag
Hepliaklqana
Kikubaaqudgha
Makhleb
Nemelex Xobeh
Okawaru
Qazlal
Ru
Sif Muna
Trog
Uskayaw
Vehumet
Wu Jian
Xom
Yredelemnul
Zin
The Shining One
Lugonu

Shops:
D:8 *   D:9 (   D:11 (   D:13 *   Orc:2 [*[::   Elf:1 :   Snake:2 :=:

Portals:
Hell: Depths:1 Depths:2
Abyss: Lair:6
Pandemonium: Depths:2
Ziggurat: Depths:2

Annotations:
D:13 1 runed translucent door
Lair:3 exclusion: oklob plant
Lair:6 exclusion: 2 oklob plants
Elf:2 3 runed translucent doors
Elf:3 1 exclusion
Depths:1 the Enchantress


Innate Abilities, Weirdness & Mutations

Your dull iron-grey scales are very hard. (AC +15)
You are amphibious.
You cannot fit into any form of body armour.
You are cold-blooded and may be slowed by cold attacks.
You are agile. (Dex +2)
Your spells are a little easier to cast, but a little less powerful.


Message History

The spriggan defender barely misses you.
The spriggan defender misses you. The Enchantress barely misses you.
You bump into the rock wall.
The spriggan defender closely misses you.
The Enchantress gestures wildly while chanting.
The Enchantress seems to speed up.
The spriggan defender closely misses you.
You feel better.
You feel your willpower return.
The spriggan defender completely misses you.
The Enchantress misses you. The spriggan defender misses you.
The Enchantress casts a spell.
You are confused.
The spriggan defender hits you with a +0 vorpal flail!
* * * LOW HITPOINT WARNING * * *
x2 The Enchantress casts a spell at you.
You feel firmly anchored in space.
The spriggan defender barely misses you.
The Enchantress completely misses you.
You bump into the rock wall.
The spriggan defender completely misses you.
The Enchantress casts a spell at you. You resist with significant effort.
The spriggan defender completely misses you.
The Enchantress closely misses you.
The Enchantress points at you and mumbles some strange words.
Your willpower is stripped away!
The spriggan defender closely misses you.
You see here 23 stones.
You feel less confused.
The spriggan defender hits you with a +0 vorpal flail!!
* * * LOW HITPOINT WARNING * * *
x2 The Enchantress hits you with a +2 antimagic demon whip!
* * * LOW HITPOINT WARNING * * *
You feel your power leaking away.
The spriggan defender barely misses you.
The Enchantress completely misses you.
The spriggan defender hits you with a +0 vorpal flail!!
* * * LOW HITPOINT WARNING * * *
You die...

.............≈≈....#............#
.............≈≈.####.............
......≈≈≈≈...≈≈..# #.........###.
......≈≈≈≈≈≈.≈...###...).......##
......≈≈≈≈≈≈..[####..............
.(....≈≈≈≈≈≈..[.#####.##.........
........≈≈≈.....................#
........≈≈≈......i(#..........###
........(.≈.....@i...##..##.#####
..................≈.....######...
...#.............(≈.......##....#
...##.................##.........
..##..................###...##.##
..##................[.......#...#
...###.............[.≈≈≈≈........
..###..##.#.........≈≈≈.....#....
####....#####...............##.#.


You could see the Enchantress (fast, repels missiles) and a spriggan defender.

Vanquished Creatures
  Jorgrun (D:14)
  A tentacled monstrosity (Swamp:1)
  A lich (Depths:2)
  2 thorn hunters
  A fire giant (Depths:1)
  A deep elf sorcerer (Elf:3)
  An orc warlord (Orc:1)
  A ghoul (Swamp:3)
  3 stone giants
  A spriggan defender (Depths:1)
  An eleionoma (Swamp:2)
  A deep elf demonologist (Elf:1)
  A deep elf annihilator (Elf:1)
  A vampire knight (Depths:2)
  4 spark wasps (Depths:1)
  A bunyip (Swamp:2)
  2 ettins (Depths:2)
  A deep elf death mage (Elf:2)
  3 fire dragons
  A deep elf high priest (Elf:1)
  A shambling mangrove (Swamp:1)
  11 hydras
  4 boulder beetles
  5 ice dragons
  A rakshasa (Depths:2)
  An ogre mage (D:12)
  3 catoblepae
  2 spriggan air magi (Depths:2)
  6 naga warriors
  A salamander tyrant (Snake:3)
  5 anacondas
  A death knight (D:12)
  The ghost of hikkokomori the Cleaver, a novice HOFi of Beogh (D:8)
  2 centaur warriors
  A deep troll shaman (Depths:2)
  7 death yaks
  A tengu warrior (D:15)
  15 dancing weapons
  5 alligators
  4 hell hogs (Abyss:2)
  A vampire mage (Depths:2)
  5 two-headed ogres
  2 thrashing horrors (Lair:6)
  4 shock serpents
  8 naga sharpshooters
  3 orc high priests
  2 deep troll earth magi (Depths:1)
  5 iron trolls
  Nergalle (Lair:4)
  10 deep elf knights
  3 salamander mystics
  A wretched star (Abyss:2)
  7 deep trolls
  7 large abominations
  4 goliath frogs
  A swamp dragon (Swamp:2)
  4 naga ritualists
  3 glowing orange brains
  A flayed ghost (Depths:2)
  10 deep elf archers
  6 bog bodies
  38 deep elf pyromancers
  29 deep elf zephyrmancers
  3 wizards
  4 orc knights
  A harpy (shapeshifter) (Lair:6)
  A phantasmal warrior (D:11)
  8 mana vipers
  35 ugly things
  4 orc sorcerers
  2 oklob plants (Lair:6)
  3 manticores
  7 cyclopes
  9 salamanders
  4 slime creatures
  2 will-o-the-wisps
  2 guardian serpents
  21 elephants
  Maurice (D:11)
  A guardian serpent (shapeshifter) (D:13)
  Joseph (Lair:1)
  12 naga magi
  A black mamba (shapeshifter) (D:12)
  A centaur zombie (D:11)
  28 black mambas
  A gargoyle (D:7)
  2 smoke demons
  2 unseen horrors
  16 cane toads
  A cane toad (shapeshifter) (D:13)
  A freezing wraith (D:12)
  2 kobold demonologists (D:12)
  4 rime drakes
  2 efreet
  7 komodo dragons
  5 yaktaurs (D:15)
  An ice devil (Abyss:2)
  A tengu conjurer (D:15)
  2 ancient zymes
  3 meliai
  A troll (shapeshifter) (D:13)
  6 trolls
  2 polar bears (Lair:6)
  6 tyrant leeches
  A silent spectre (Abyss:2)
  A tarantella (shapeshifter) (Lair:6)
  2 wind drakes (shapeshifter)
  8 hornets
  4 dream sheep (Lair:6)
  A slime creature (shapeshifter) (Depths:2)
  A raiju (shapeshifter) (D:13)
  20 blink frogs
  2 air elementals (Elf:2)
  2 flying skulls (Abyss:2)
  4 wraiths (D:13)
  A ynoxinul (Abyss:2)
  11 water elementals
  Sigmund (D:2)
  A shadow (D:13)
  2 vampires
  34 yaks
  4 spriggans
  3 wyverns
  11 small abominations
  11 fire bats (D:13)
  13 basilisks
  A hog (shapeshifter) (D:13)
  20 vampire mosquitoes
  2 steam dragons
  3 chaos spawn (Lair:6)
  31 nagas
  3 wargs
  11 swamp worms
  2 acid dragons
  21 water moccasins
  A hell hound (Abyss:2)
  27 orc warriors
  4 black bears
  The ghost of dropkickpikachu the Cudgeller, an amateur MiBe of Trog (D:3)
  2 swamp drakes
  An ice beast (D:7)
  4 sky beasts
  7 ogres
  3 boggarts
  3 necrophages
  6 wolves
  The ghost of Vallaxes the Slasher, an amateur DsGl (D:3)
  8 centaurs
  7 kobold brigands
  2 earth elementals
  5 scorpions
  15 bullfrogs
  A gnoll sergeant (D:8)
  A wyvern zombie (D:7)
  A wyvern skeleton (D:7)
  A hornet simulacrum (D:15)
  4 wights
  10 killer bees
  A howler monkey (D:7)
  4 electric eels
  7 starcursed masses (Abyss:2)
  11 orc priests
  Crazy Yiuf (D:2)
  5 hounds
  2 bullfrog skeletons
  A centaur skeleton (D:7)
  6 iguanas
  23 orc wizards
  A scorpion zombie (D:5)
  11 hell rats (Lair:6)
  A killer bee zombie (D:7)
  A hound skeleton (D:4)
  3 howler monkey zombies
  A howler monkey skeleton (D:7)
  3 gnolls (D:8)
  5 adders
  3 white imps (Lair:4)
  2 ufetubi
  2 adder skeletons (D:5)
  2 worms
  3 dart slugs
  79 orcs
  7 ball pythons
  8 endoplasms
  5 giant cockroaches
  4 goblins
  6 hobgoblins
  29 kobolds
  2 quokkas
  55 bats
  3 frilled lizards
  7 rats
  2 briar patches (Swamp:2)
1130 creatures vanquished.

Vanquished Creatures (others)
  A naga mage (Snake:1)
  4 bloated husks
  A large abomination (Abyss:2)
  A water moccasin (D:7)
  An orc priest (Orc:2)
  2 small abominations (Abyss:2)
  An orc (D:7)
  2 bushes (Lair:1)
  6 foxfires
  52 fungi
  2 lurking horrors (Abyss:2)
  157 plants
  5 withered plants (D:3)
235 creatures vanquished.

Grand Total: 1365 creatures vanquished

Notes
Turn   | Place    | Note
-------+----------+-------------------------------------------
     0 | D:1      | pkoi the Draconian Monk began the quest for the Orb.
     0 | D:1      | Reached XP level 1. HP: 19/19 MP: 1/1
   257 | D:1      | Found a faded altar of an unknown god.
   292 | D:1      | Reached XP level 2. HP: 22/26 MP: 2/2
   479 | D:1      | Reached skill level 4 in Unarmed Combat
  1050 | D:2      | Reached XP level 3. HP: 28/31 MP: 3/3
  1454 | D:2      | Noticed Sigmund
  1578 | D:2      | Found a runed translucent door.
  1579 | D:2      | Noticed Crazy Yiuf
  2509 | D:3      | Reached XP level 4. HP: 38/38 MP: 4/4
  2686 | D:3      | Found a runed translucent gate.
  2686 | D:3      | Found a runed translucent gate.
  2687 | D:3      | Found a runed translucent gate.
  2688 | D:3      | Noticed dropkickpikachu's ghost (amateur MiBe)
  2688 | D:3      | Noticed Vallaxes's ghost (amateur DsGl)
  2888 | D:4      | Found a burning altar of Makhleb.
  2899 | D:4      | Reached skill level 5 in Unarmed Combat
  3014 | D:4      | Found an ancient bone altar of Kikubaaqudgha.
  3022 | D:4      | Learned a level 1 spell: Apportation
  3194 | D:4      | Noticed a sky beast
  3197 | D:4      | Killed a sky beast
  3198 | D:4      | Reached skill level 1 in Evocations
  3198 | D:4      | Reached XP level 5. HP: 45/45 MP: 5/5
  3535 | D:4      | Noticed an ogre
  3827 | D:4      | Reached skill level 6 in Unarmed Combat
  3833 | D:4      | Noticed a necrophage
  3842 | D:4      | Killed a necrophage
  3843 | D:4      | Reached XP level 6. HP: 42/52 MP: 6/6
  4555 | D:5      | Entered Level 5 of the Dungeon
  4564 | D:5      | Gained mutation: You are agile. (Dex +2) [potion of
                  | mutation]
  4564 | D:5      | Gained mutation: Your spells are a little easier to cast,
                  | but a little less powerful. [potion of mutation]
  4581 | D:5      | Found a broken altar of Ashenzari.
  4584 | D:5      | Found a radiant altar of Vehumet.
  4584 | D:5      | Found an opulent altar of Gozag.
  4587 | D:5      | Found a glowing silver altar of Zin.
  4600 | D:5      | Your scales start taking on a dull iron-grey colour.
  4600 | D:5      | Reached XP level 7. HP: 30/59 MP: 7/7
  5031 | D:5      | Found a staircase to the Ecumenical Temple.
  5045 | Temple   | Entered the Ecumenical Temple
  5393 | Temple   | Became a worshipper of Warmaster Okawaru
  5393 | Temple   | Reached * piety under Okawaru
  5393 | Temple   | Reached ** piety under Okawaru
  5467 | D:5      | Reached skill level 7 in Unarmed Combat
  5500 | D:5      | Reached skill level 1 in Invocations
  6267 | D:6      | Reached skill level 5 in Fighting
  6480 | D:6      | Reached XP level 8. HP: 68/68 MP: 9/9
  6521 | D:6      | Learned a level 2 spell: Poisonous Vapours
  7110 | D:2      | Killed Sigmund
  7447 | D:2      | Learned a level 2 spell: Blink
  7730 | D:2      | Killed Crazy Yiuf
  7731 | D:2      | Reached skill level 1 in Translocations
  7731 | D:2      | Reached skill level 1 in Poison Magic
  7916 | D:3      | Killed dropkickpikachu's ghost
  7917 | D:3      | Reached skill level 1 in Spellcasting
  7923 | D:3      | Killed Vallaxes's ghost
  7924 | D:3      | Reached skill level 8 in Unarmed Combat
  7924 | D:3      | Reached skill level 1 in Air Magic
  8328 | D:7      | Reached *** piety under Okawaru
  8375 | D:7      | Reached XP level 9. HP: 74/74 MP: 12/12
  9073 | D:7      | Reached skill level 5 in Dodging
  9384 | D:7      | Found a sacrificial altar of Ru.
  9626 | D:7      | Noticed a troll
  9639 | D:7      | Killed a troll
  9639 | D:7      | Reached **** piety under Okawaru
  9640 | D:7      | Reached skill level 9 in Unarmed Combat
  9641 | D:7      | Identified the +2 leather armour "Doskar" {Int+5}
  9796 | D:7      | Noticed a gargoyle
  9809 | D:7      | Killed a gargoyle
  9810 | D:7      | Found a hazy altar of Hepliaklqana.
  9915 | D:7      | Found a faded altar of an unknown god.
 10143 | D:8      | Noticed a manticore
 10157 | D:8      | Killed a manticore
 10319 | D:8      | Found a runed translucent gate.
 10320 | D:8      | Found a runed translucent gate.
 10321 | D:8      | Found a runed translucent gate.
 10322 | D:8      | Found an opulent altar of Gozag.
 10323 | D:8      | Noticed hikkokomori's ghost (novice HOFi)
 10324 | D:8      | Noticed a two-headed ogre
 10324 | D:8      | Noticed a centaur warrior
 10348 | D:8      | Reached XP level 10. HP: 81/81 MP: 14/14
 10432 | D:8      | Found Koecekh's Overcharged Wands.
 10457 | D:8      | Reached skill level 5 in Invocations
 10598 | D:9      | Reached skill level 10 in Unarmed Combat
 10769 | D:9      | HP: 2/81 [meliai/+2 war axe of electrocution (19)]
 11319 | D:8      | Reached ***** piety under Okawaru
 12088 | D:9      | Reached skill level 11 in Unarmed Combat
 12446 | D:9      | Found Koschemm's Weapon Shop.
 12714 | D:10     | Entered Level 10 of the Dungeon
 12739 | D:10     | Noticed a two-headed ogre
 12762 | D:9      | Killed a two-headed ogre
 12910 | D:9      | Reached XP level 11. HP: 41/86 MP: 15/17
 13764 | D:10     | HP: 3/86 [komodo dragon (17)]
 13987 | D:9      | Identified the +4 kite shield of Card Tricks {rF- Will++
                  | Int+3 Stlth+} (Okawaru gifted it to you on level 9 of the
                  | Dungeon)
 13987 | D:9      | Received a gift from Okawaru
 13995 | D:10     | Reached skill level 12 in Unarmed Combat
 14547 | D:11     | Reached skill level 5 in Spellcasting
 14652 | D:11     | Found a staircase to the Lair.
 14885 | D:11     | Identified a scroll of acquirement
 14885 | D:11     | Acquired the +0 hat "Fisugaw" {+Blink rC+ Dex+6}
 14913 | D:11     | Found Ekonaek's Weapon Boutique.
 14914 | D:11     | Found a staircase to the Orcish Mines.
 15139 | D:11     | Noticed Maurice
 15146 | D:11     | Killed Maurice
 15147 | D:11     | Found an ornate altar of the Wu Jian Council.
 15310 | Lair:1   | Entered Level 1 of the Lair of Beasts
 15354 | Lair:1   | Noticed a catoblepas
 15369 | Lair:1   | Killed a catoblepas
 15370 | Lair:1   | Reached skill level 13 in Unarmed Combat
 15497 | Lair:1   | Noticed a death yak
 15536 | Lair:1   | Noticed a death yak
 15536 | Lair:1   | Noticed a death yak
 15536 | Lair:1   | Noticed a death yak
 15536 | Lair:1   | Noticed a death yak
 15560 | Lair:1   | Noticed a death yak
 15857 | Lair:1   | Reached ****** piety under Okawaru
 15857 | Lair:1   | Identified the +0 pair of gloves of Wicked Life {rC+}
                  | (Okawaru gifted it to you on level 1 of the Lair of Beasts)
 15857 | Lair:1   | Received a gift from Okawaru
 15858 | Lair:1   | Reached XP level 12. HP: 93/96 MP: 10/20
 16233 | Lair:1   | Noticed Joseph
 16260 | Lair:1   | Killed Joseph
 16648 | D:11     | Killed a death yak
 16763 | D:11     | Killed a death yak
 16918 | Lair:1   | Killed a death yak
 16997 | Lair:1   | Killed a death yak
 17319 | Lair:1   | Killed a death yak
 17580 | Lair:1   | Killed a death yak
 17581 | Lair:1   | Reached skill level 14 in Unarmed Combat
 17581 | Lair:1   | Reached skill level 5 in Evocations
 19402 | Lair:3   | Noticed a four-headed hydra
 19432 | Lair:3   | Killed a four-headed hydra
 19677 | Lair:3   | Found a blossoming altar of Fedhas.
 19819 | Lair:3   | Received a gift from Okawaru
 20448 | Lair:4   | Noticed a boulder beetle
 20478 | Lair:3   | Killed a boulder beetle
 20479 | Lair:3   | Reached XP level 13. HP: 77/107 MP: 22/22
 20680 | Lair:3   | Identified the +1 buckler of Bezoveil {Drain rElec Slay+3}
                  | (Okawaru gifted it to you on level 3 of the Lair of Beasts)
 20680 | Lair:3   | Received a gift from Okawaru
 20743 | Lair:4   | Identified the +2 pair of gloves of the Sea {rElec rF+
                  | Stlth+}
 20774 | Lair:4   | Noticed Nergalle
 20797 | Lair:4   | Killed Nergalle
 21304 | Lair:4   | Reached skill level 15 in Unarmed Combat
 21437 | Lair:4   | Found a staircase to the Snake Pit.
 21810 | Lair:4   | Found a staircase to the Swamp.
 22758 | Lair:5   | Received a gift from Okawaru
 23246 | Lair:6   | Entered Level 6 of the Lair of Beasts
 23246 | Lair:6   | Found a hide-covered altar of Uskayaw.
 23899 | Lair:6   | Reached skill level 16 in Unarmed Combat
 23899 | Lair:6   | Reached XP level 14. HP: 102/118 MP: 23/23
 24443 | Lair:6   | Found a staircase to the Slime Pits.
 26635 | Lair:6   | Found a corrupted altar of Lugonu.
 26635 | Lair:6   | Found a one-way gate to the infinite horrors of the Abyss.
 26800 | Lair:6   | Received a gift from Okawaru
 26803 | Lair:6   | HP: 2/118 [oklob plant/splash of acid (14)]
 28050 | D:12     | Reached skill level 17 in Unarmed Combat
 28644 | Orc:1    | Entered Level 1 of the Orcish Mines
 28659 | Orc:1    | Reached skill level 10 in Dodging
 29030 | Orc:2    | Entered Level 2 of the Orcish Mines
 29069 | Orc:2    | Found Ankinuoc's Self-Improvement Boutique.
 29931 | Orc:2    | Noticed an orc warlord
 29959 | Orc:1    | Killed an orc warlord
 30145 | Orc:2    | Paralysed by an orc sorcerer for 4 turns
 30158 | Orc:2    | Paralysed by an orc sorcerer for 6 turns
 30166 | Orc:2    | Found a staircase to the Elven Halls.
 31753 | Orc:2    | Found Noonust's Assorted Antiques.
 31753 | Orc:2    | Found Xeciqos's Armour Shoppe.
 31755 | Orc:2    | Found Buonoam's Book Boutique.
 31755 | Orc:2    | Found Cokirura's Antique Armour Shoppe.
 31765 | Orc:2    | Bought a pair of embroidered boots for 255 gold pieces
 32173 | D:13     | Reached XP level 15. HP: 116/124 MP: 22/24
 32415 | D:13     | Found a shimmering altar of Xom.
 32568 | D:12     | Learned a level 3 spell: Ignite Poison
 32573 | D:12     | Learned a level 4 spell: Olgreb's Toxic Radiance
 32672 | D:13     | Found a runed translucent door.
 32706 | D:13     | Found a hide-covered altar of Uskayaw.
 32735 | D:13     | Found a broken altar of Ashenzari.
 32747 | D:13     | Found a basalt altar of Yredelemnul.
 32760 | D:13     | Found a bloodstained altar of Trog.
 32768 | D:13     | Found an ornate altar of the Wu Jian Council.
 33017 | D:13     | Found Veegutol's General Store.
 33031 | D:13     | Bought a potion of invisibility for 128 gold pieces
 33047 | D:12     | Reached skill level 1 in Fire Magic
 33051 | D:12     | Reached skill level 1 in Transmutations
 33067 | D:12     | Received a gift from Okawaru
 33676 | D:13     | Found a gate to the Vaults.
 34158 | D:14     | Reached skill level 5 in Stealth
 34200 | D:14     | Reached skill level 18 in Unarmed Combat
 34257 | D:14     | Cast into level 2 of the Abyss (a wizard)
 34257 | Abyss:2  | Found a corrupted altar of Lugonu.
 35388 | Abyss:2  | Found a corrupted altar of Lugonu.
 35702 | Abyss:2  | Found a corrupted altar of Lugonu.
 36035 | D:14     | Escaped the Abyss
 36227 | D:14     | Noticed Jorgrun
 36252 | D:14     | Killed Jorgrun
 36784 | D:14     | Found a broken altar of Ashenzari.
 36959 | D:8      | Killed hikkokomori's ghost
 36959 | D:8      | Received a gift from Okawaru
 37150 | Snake:1  | Entered Level 1 of the Snake Pit
 37479 | Snake:1  | Identified the +9 short sword of Xom's Felicitations
                  | {flame, rElec}
 37859 | Snake:1  | Found a snail-covered altar of Cheibriados.
 37881 | Snake:1  | Reached skill level 5 in Air Magic
 37906 | Snake:1  | Found a flickering gateway to a bazaar.
 37913 | Bazaar   | Entered a bazaar
 37913 | Bazaar   | Found Biof Acw's Antique Armour Shoppe.
 37913 | Bazaar   | Found Bederphy's Assorted Antiques.
 38042 | Bazaar   | Found Qiusuq's Antique Weapon Shoppe.
 38058 | Bazaar   | Found Olumil's Assorted Antiques.
 38066 | Bazaar   | Bought a scroll labelled OPLAET UWNAT for 16 gold pieces
 38073 | Bazaar   | Bought a runed cloak for 150 gold pieces
 38073 | Bazaar   | Bought a knobbly iron ring for 100 gold pieces
 38101 | Bazaar   | Bought a potion of haste for 200 gold pieces
 38101 | Bazaar   | Bought a scroll of fear for 70 gold pieces
 38105 | Bazaar   | Bought 2 potions of curing for 96 gold pieces
 38105 | Bazaar   | Bought a potion of resistance for 160 gold pieces
 38267 | Swamp:1  | Entered Level 1 of the Swamp
 38691 | Swamp:1  | Noticed a tentacled monstrosity
 39138 | Swamp:1  | Noticed a thorn hunter
 39337 | Swamp:1  | Killed a tentacled monstrosity
 40292 | Swamp:2  | Received a gift from Okawaru
 40952 | Swamp:1  | Learned a level 4 spell: Airstrike
 40971 | Swamp:2  | Reached XP level 16. HP: 132/132 MP: 11/26
 41161 | Swamp:2  | Noticed a thorn hunter
 41297 | Swamp:2  | Killed a thorn hunter
 42113 | Elf:1    | Entered Level 1 of the Elven Halls
 42373 | Elf:1    | Learned a level 4 spell: Petrify
 42562 | Elf:1    | Found Dimattov's Book Shoppe.
 42973 | Elf:1    | Reached skill level 1 in Earth Magic
 44294 | Elf:1    | Reached skill level 19 in Unarmed Combat
 44968 | Elf:2    | Identified the +5 kite shield "Imuumm" {Rampage Will+
                  | Int+5} (Okawaru gifted it to you on level 2 of the Elven
                  | Halls)
 44968 | Elf:2    | Received a gift from Okawaru
 45200 | Elf:2    | Reached skill level 5 in Transmutations
 49256 | Snake:2  | Reached XP level 17. HP: 123/137 MP: 14/27
 49783 | Snake:2  | Found Gerucsuf's Book Shop.
 49787 | Snake:2  | Found Caurrisch's Book Shop.
 49789 | Snake:2  | Found Liodyirgh's Jewellery Shoppe.
 49807 | Snake:2  | Bought a manual of Earth Magic for 1440 gold pieces
 49813 | Snake:2  | Learned a level 5 spell: Lee's Rapid Deconstruction
 50184 | Snake:2  | Received a gift from Okawaru
 50881 | Snake:3  | Reached skill level 20 in Unarmed Combat
 51028 | Snake:3  | Reached skill level 5 in Earth Magic
 54616 | Swamp:3  | Received a gift from Okawaru
 57138 | Elf:2    | Reached skill level 21 in Unarmed Combat
 57393 | Elf:2    | Found a runed translucent gate.
 57394 | Elf:2    | Found a runed translucent gate.
 57394 | Elf:2    | Found a runed translucent gate.
 57518 | Elf:3    | Entered Level 3 of the Elven Halls
 57523 | Elf:3    | Reached skill level 10 in Earth Magic
 58791 | D:15     | Entered Level 15 of the Dungeon
 58856 | D:15     | Got Pauzaoha's Collected Works on Hurtful Hexes
 59081 | D:15     | Reached XP level 18. HP: 145/145 MP: 22/28
 59319 | D:15     | Acquired 625 gold pieces
 59847 | D:15     | Found a staircase to the Depths.
 60055 | Depths:1 | Entered Level 1 of the Depths
 60814 | D:15     | Received a gift from Okawaru
 61123 | Depths:1 | Reached skill level 22 in Unarmed Combat
 61236 | Depths:1 | Found a hide-covered altar of Uskayaw.
 61293 | Depths:1 | Found a gateway to Hell.
 62756 | Depths:2 | Identified the +6 short sword "Anwab" {vorpal, rF+ Int+3}
                  | (Okawaru gifted it to you on level 2 of the Depths)
 62756 | Depths:2 | Received a gift from Okawaru
 63333 | Depths:2 | Found a one-way gateway to a ziggurat.
 63793 | Depths:2 | Noticed a lich
 63796 | Depths:2 | Killed a lich
 63981 | Depths:2 | Found a one-way gate leading to the halls of Pandemonium.
 64053 | Depths:2 | Reached skill level 15 in Earth Magic
 64357 | Depths:2 | Noticed the Enchantress
 65377 | Depths:1 | HP: 2/145 [spriggan defender/+0 vorpal flail[the
                  | Enchantress] (20)]
 65377 | Depths:1 | Slain by a spriggan defender

Illustrated notes

Levels and vault maps discovered:
D:1:      dpeg_arrival_refuge, layout_basic, dreamdust_ecumenical_altar_grove
D:2:      layout_basic, dk_noncrumbling_2, chequers_avenue, kennysheep_donut,
          minivault_19, uniq_crazy_yiuf_cottage, uniq_sigmund
D:3:      layout_loops_cross, gammafunk_ghost_cemetery
D:4:      layout_cave_pools, lemuel_tele_altar, bloody_makhleb,
          serial_bayou_lagoon_b
D:5:      layout_loops_ring, grunt_temple_overflow_open,
          minmay_temple_entry_sparse_star
D:6:      layout_gridville
D:7:      nzn_winding_woodlands_medium [nzn_winding_woodlands_5x5_perimeter,
          nzn_winding_woodlands_5x15_concentric,
          nzn_winding_woodlands_5x5_three, nzn_winding_woodlands_5x5_default,
          nzn_winding_woodlands_center_diamonds,
          nzn_winding_woodlands_5x5_open_star, nzn_winding_woodlands_5x5_cross,
          nzn_winding_woodlands_5x15_sawtooth,
          nzn_winding_woodlands_5x5_default], layout_rooms,
          beargit_hepliaklqana_dungeon_heroes, mainiacjoe_overflow_cross_hatched
D:8:      layout_basic, ebering_ghost_gozag, nicolae_shop_overcharged_wands
D:9:      layout_roguey, serial_shops, nicolae_shop_bloodbath_and_beyond
D:10:     layout_cave_pools, minmay_lizard_king
D:11:     layout_basic, due_lair_maze_entry_diamond, orc_david_3,
          nzn_wu_jian_council_hall, uniq_maurice
D:12:     hangedman_arrow_trap, layout_long_grid, pond
D:13:     due_megacathedral, layout_loops_cross, david_vaults_2, serial_shops,
          shop
D:14:     layout_roguey, chequers_serial_rivers_micro_e,
          ashenzari_conservatory_becter, uniq_jorgrun
D:15:     hangedman_depths_entry_try_elsewhere_first, layout_irregular_city,
          ebering_dispersal_statue_hall
Temple:   dpeg_chambers_temple
Lair:1:   layout_long_grid, nicolae_lair_grazing_beasts
          [nicolae_sub_lair_graze_edge, nicolae_sub_lair_graze_edge,
          nicolae_sub_lair_graze_edge, nicolae_sub_lair_graze_edge],
          serial_bayou_shore_a, grunt_megastairs_1, uniq_joseph
Lair:2:   layout_misc_corridors
Lair:3:   layout_roguey, tgw_fedhas, infiniplex_staircase_pool
Lair:4:   layout_gridlike, minmay_swamp_entry_wisps,
          minmay_snake_entry_six_corridors, chequers_serial_rivers_micro_e,
          st_stairs_7, bobbens_ice_dragon_lair, lemuel_fruit_tree, uniq_nergalle
Lair:5:   layout_loops_ring, nicolae_quartered_pool_super, lemuel_fruit_fields
Lair:6:   hellmonk_lair_end_abyssal_woods, layout_small_grid,
          minmay_slime_entry_oklob_enclosed, basic_altar, st_stairs_6
Swamp:1:  layout_basic_swamp, evilmike_swamp_ruin_rubble_2,
          nicolae_swamp_catching_bugs
Swamp:2:  layout_basic_swamp, nicolae_swamp_rocky_clearing
Swamp:3:  layout_falls_marsh, evilmike_swamp_ruin_house_3,
          nicolae_swamp_bean_lake
Snake:1:  layout_cave_shapes, basic_altar, serial_shops, bzr_entry_dummy
Snake:2:  layout_onion, grunt_megastairs_4, minmay_shop_grove
Snake:3:  layout_chambers
Orc:1:    layout_diamond_mine
Orc:2:    grunt_orc_tribal_feast, layout_caves, nicolae_shop_self_help
Elf:1:    minmay_elf_arrival_circle, layout_onion_city, serial_shops, shop,
          hangedman_elf_represent, dreamdust_deal_with_the_devil, st_stairs_8
Elf:2:    nicolae_elf_blades_crystal_corner, layout_onion_city
Elf:3:    minmay_elf_hall_furrowed, layout_loops_ring, hex_large
Depths:1: layout_cave_pools, hangedman_decor_clover_reticule, hell_entry,
          hangedman_abyss_or_decor_jellyfish_corner, chequers_big_river,
          eat_drink_and_be_merry_uskayaw, serial_bayou_shore_b
Depths:2: minmay_distorted_concentric_squares, layout_twisted_cross,
          enter_ziggurat_d, pf_vacation_house_of_asmodeus, abyss_entry,
          minmay_staircase_bubble, grunt_pan_entry_zigzag, serial_bayou_shore_b,
          uniq_enchantress

Skill      XL: |  1  2  3  4  5  6  7  8  9 10 11 12 13 14 15 16 17 18 |
---------------+-------------------------------------------------------+-----
Unarmed Combat | 4 5 6 7 8 9 11 13 14 16 17 18 19 21 22 | 22.0
Evocations     | 1 2 3 5 7 9 |  9.0
Dodging        | 3 4 5 6 7 9 10 11 12 | 12.0
Fighting       | 4 5 6 7 9 |  9.0
Invocations    | 1 3 4 6 8 9 |  9.0
Translocations | 2 3 4 |  4.5
Poison Magic   | 2 3 4 |  4.5
Spellcasting   | 2 3 4 5 6 7 8 |  8.3
Air Magic      | 1 3 4 5 6 |  6.0
Stealth        | 4 6 7 9 |  9.0
Fire Magic     | 3 |  3.0
Transmutations | 3 6 7 |  7.7
Earth Magic    | 3 11 15 | 15.1

Action                   |  1- 3 |  4- 6 |  7- 9 | 10-12 | 13-15 | 16-18 || total
-------------------------+-------+-------+-------+-------+-------+-------++-------
Melee: Unarmed           |   151 |   136 |   384 |   865 |  1846 |  1184 ||  4566
       Tailslap          |    10 |    21 |    62 |   165 |   346 |   254 ||   858
       Punch             |     3 |     6 |    30 |   103 |   308 |   231 ||   681
Throw: Dart              |       |       |       |       |     5 |     7 ||    12
 Cast: Poisonous Vapours |       |       |       |    73 |   110 |   223 ||   406
       Ignite Poison     |       |       |       |       |    16 |    97 ||   113
       Apportation       |       |       |       |       |     5 |    10 ||    15
       Airstrike         |       |       |       |       |       |    85 ||    85
       Olgreb's Toxic Ra |       |       |       |       |       |    29 ||    29
       Petrify           |       |       |       |       |       |     7 ||     7
       Lee's Rapid Decon |       |       |       |       |       |     1 ||     1
Invok: Heroism           |       |       |     7 |    16 |    33 |    17 ||    73
       Finesse           |       |       |       |       |    11 |     3 ||    14
Evoke: Wand              |       |     6 |       |       |    18 |     7 ||    31
       Condenser vane    |       |       |       |       |     2 |       ||     2
  Use: Scroll            |     3 |     3 |     3 |    10 |    10 |     3 ||    32
       Potion            |     2 |     3 |     3 |     2 |     3 |     5 ||    18
 Stab: Sleeping          |     4 |     1 |     3 |     2 |    14 |    29 ||    53
       Distracted        |       |       |       |     1 |     6 |     9 ||    16
       Petrifying        |       |       |       |       |       |     2 ||     2
       Petrified         |       |       |       |       |       |     2 ||     2
Armor: Skin              |    39 |    34 |    98 |   178 |   333 |   196 ||   878
Dodge: Dodged            |    77 |    62 |   279 |   906 |  1616 |  1010 ||  3950
Block: Other             |       |       |       |    11 |   319 |   190 ||   520
       Reflection        |       |       |       |       |    15 |    26 ||    41
